 Dungeon Crawl Stone Soup version 0.20-b1-18-gaa2fd62 (webtiles) character file.

18 MTVSty1e the Shield-Bearer (level 2, 0/25 HPs)
             Began as a Formicid Fighter on May 24, 2017.
             Slain by an adder (4 damage)
             ... on level 2 of the Dungeon.
             The game lasted 00:01:19 (793 turns).

MTVSty1e the Shield-Bearer (Formicid Fighter)        Turns: 793, Time: 00:01:20

Health: 0/25       AC:  4    Str: 20    XL:     2   Next: 90%
Magic:  1/1        EV:  6    Int:  7    God:
Gold:   90         SH:  9    Dex: 10    Spells: 1/1 levels left

rFire    . . .     SeeInvis +   a - +0 war axe
rCold    . . .     Gourm    .   c - +0 shield
rNeg     . . .     Faith    .   o - +0 plate armour
rPois    .         Spirit   .   (helmet unavailable)
rElec    .         Reflect  .   (no cloak)
rCorr    .         Harm     .   (no gloves)
MR       .....                  (no boots)
Stlth    ..........             (no amulet)
Regen    0.1/turn               e - -2 ring of protection (curse)
MPRegen  0.1/turn               (no ring)

@: lethally poisoned (0 -> -5)
A: permanent stasis, dig shafts and tunnels, four strong arms, antennae 3,
repulsion field 1, deformed body, low mp 1
a: Dig, Shaft Self


You were on level 2 of the Dungeon.
You were not hungry.

You visited 1 branch of the dungeon, and saw 2 of its levels.

You collected 90 gold pieces.

Inventory:

Hand Weapons
 a - a +0 war axe (weapon)
Armour
 c - a +0 shield (worn)
 o - a +0 plate armour (worn)
Jewellery
 e - a cursed -2 ring of protection (left hand)
Scrolls
 g - 2 scrolls of identify
Potions
 d - a potion of might
 k - a potion of magic {unknown}
 l - a potion of brilliance {unknown}
 m - a potion of curing {unknown}
Comestibles
 f - a bread ration
 h - 2 meat rations


   Skills:
 * Level 3.8 Fighting
 + Level 2.1 Axes
 + Level 3.5 Armour
 + Level 3.8 Shields


You had one spell level left.
You didn't know any spells.

Dungeon Overview and Level Annotations

Branches:
Dungeon (2/15)

Altars:


Innate Abilities, Weirdness & Mutations

You cannot be hasted, slowed, berserked, paralysed or teleported.
You can dig through walls and to a lower floor.
Your four strong arms can wield two-handed weapons with a shield.
You have a pair of large antennae on your head. (SInv)
You are surrounded by a mild repulsion field. (EV +2)
Armour fits poorly on your strangely shaped body.
Your magical capacity is low. (-10% MP)


Message History

You barely miss the adder.
You feel sick. The adder bites you. x2
Your plate armour prevents you from hitting the adder.
You feel sick. You block the adder's attack.
You hit the adder but do no damage. The adder bites you but does no damage.
The adder barely misses you.
You miss the adder. The adder bites you.
You are more poisoned.
The adder poisons you! The adder bites you.
You closely miss the adder.
You feel sick. The adder bites you but does no damage.
The adder closely misses you.
You miss the adder.
You feel sick. You block the adder's attack. x2
Your shield and plate armour prevent you from hitting the adder.
You feel sick. The adder closely misses you. The adder bites you.
* * * LOW HITPOINT WARNING * * *
You closely miss the adder. The adder barely misses you.
The adder bites you but does no damage.
You barely miss the adder.
* * * LOW HITPOINT WARNING * * *
You feel sick. The adder bites you.
You die...

............#
#.####.##[##
.........#.#
.........#.#
.#######.#.#
....# #.#.#
..... #.#.#
#...#
#######.#.#
#...#
#....S@.#.#
#...#
#.#######.#
....# #.#
....# #.#
..<.## #.#
.....# #.#
.#.#.# #.#
.#...# # #.#
.#.###..# #.#


You could see an adder.

Vanquished Creatures
  2 dart slugs (D:1)
  A leopard gecko (D:1)
  A bat (D:1)
  A giant cockroach (D:1)
  A goblin (D:1)
  A hobgoblin (D:1)
  4 kobolds (D:1)
  A frilled lizard (D:1)
12 creatures vanquished.

Notes
Turn   | Place    | Note
-------+----------+-------------------------------------------
     0 | D:1      | MTVSty1e the Formicid Fighter began the quest for the Orb.
     0 | D:1      | Reached XP level 1. HP: 18/18 MP: 1/1
   244 | D:1      | Reached XP level 2. HP: 23/24 MP: 2/2
   771 | D:2      | Gained mutation: Your spells are a little harder to cast, but a little more powerful. [potion of mutation]
   771 | D:2      | Gained mutation: You are partially covered in large bone plates. (SH +4) [potion of mutation]
   771 | D:2      | Gained mutation: You have large cloven feet. [potion of mutation]
   772 | D:2      | Lost mutation: Your spells are a little harder to cast, but a little more powerful. [potion of mutation]
   772 | D:2      | Lost mutation: You are partially covered in large bone plates. (SH +4) [potion of mutation]
   772 | D:2      | Lost mutation: You have large cloven feet. [potion of mutation]
   772 | D:2      | Gained mutation: Your magical capacity is low. (-10% MP) [potion of mutation]
   772 | D:2      | Gained mutation: Armour fits poorly on your strangely shaped body. [potion of mutation]
   772 | D:2      | Gained mutation: You are surrounded by a mild repulsion field. (EV +2) [potion of mutation]
   793 | D:2      | Slain by an adder

Action                   || total
-------------------------++-------
Melee: War axe           ||    38
  Use: Scroll            ||     3
       Potion            ||     2
Armor: Scale mail        ||     8
       Plate armour      ||     3
Dodge: Dodged            ||     9
Block: Shield            ||    19
